 Dungeon Sprint DCSS version 0.31-a0-986-g5e6e4ef867 (webtiles) character file.

Game seed: 6359050527299504014

1232 rocky1 the Martial Artist (level 8, -9/66 HPs)
             Began as a Merfolk Shapeshifter on Nov 24, 2023.
             Was an Initiate of Gozag.
             Collided with a rock wall (10 damage)
             ... caused by Erica
             ... in the Dungeon (Sprint III: "The Ten Rune Challenge").
             The game lasted 00:03:57 (1472 turns).

rocky1 the Martial Artist (Merfolk Shapeshifter)    Turns: 1472, Time: 00:03:58

Health: -9/66      AC:  5    Str: 14    XL:     8   Next: 48%
Magic:  8/8        EV: 18    Int:  9    God:    Gozag
Gold:   521        SH:  0    Dex: 16    Spells: 4/7 levels left

rFire   . .          .
                       - Unarmed
rCold   . . .        (shield currently unavailable)
rNeg    . . .        r - +0 ring mail
rPois   .            (no helmet)
rElec   .            (no cloak)
rCorr   .            (no gloves)
SInv    .            (boots currently unavailable)
Will    .....        (no amulet)
Stlth   +            (no ring)
HPRegen 0.31/turn    (no ring)
MPRegen 0.11/turn

%: no teleportation
@: flux-form, glowing, very quick
A: glow, contaminating, nimble swimmer 2, mertail, fangs 1, robust 1
a: Begin Untransformation, Renounce Religion, Potion Petition, Call Merchant,
Bribe Branch


You were in the Dungeon.
You worshipped Gozag.
Gozag was pleased with you.
You were something dangerously unstable.
You visited 1 branch You collected 521 gold pieces.

Inventory:

Armour
 a - a +0 animal skin
 l - a +0 robe
 r - a +0 ring mail (worn)
Talismans
 c - a beast talisman
 d - a flux talisman (active)
Wands
 p - a wand of polymorph (12)
Scrolls
 j - a scroll of blinking
 k - 5 scrolls of identify
 n - 2 scrolls of poison {unknown}
Potions
 b - a potion of lignification
 g - a potion of haste
 h - 2 potions of magic
 i - a potion of berserk rage
 m - a potion of mutation
 o - 4 potions of enlightenment
 q - a potion of heal wounds
Miscellaneous
 f - a phial of floods


   Skills:
 + Level 3.9 Fighting
 + Level 8.3 Dodging
 - Level 1.5 Stealth
 + Level 14.4 Unarmed Combat
 + Level 13.2 Shapeshifting


You had 4 spell levels left.
You knew the following spells:

 Your Spells              Type           Power      Damage    Failure   Level
a - Ozocubu's Armour      Ice            0%         N/A       94%         3

Your spell library contained the following spells:

 Spells                   Type           Power      Damage    Failure   Level
 Ozocubu's Refrigeration  Ice            0%         4d7       100%        7


Dungeon Overview and Level Annotations

Branches:
Dungeon (1/1)

Altars:
Cheibriados
Dithmenos
Elyvilon
Fedhas
Gozag
Hepliaklqana
Kikubaaqudgha
Makhleb
Nemelex Xobeh
Okawaru
Qazlal
Ru
Sif Muna
Trog
Uskayaw
Vehumet
Wu Jian
Xom
Yredelemnul
Zin
The Shining One
Jiyva
Lugonu

Annotations:
D Erica


Innate Abilities, Weirdness & Mutations

You are something dangerously unstable.
You glow with magical radiation, making you easy to see and hit.
Foes you strike become dangerously contaminated with magical radiation.
You are incapable of wielding weapons or throwing items.
You are very nimble when in or above water. (Stealth+, EV+, Speed+++)
Your lower body shifts to a powerful aquatic tail in water.
You have very sharp teeth.
You are robust. (+10% HP)


Message History

Erica zaps a wand.
You resist with some effort.
You completely miss Erica.
Erica is lightly wounded.
Erica zaps a wand.
You resist with some effort.
You punch Erica!
Erica shudders as magic cascades through her!
Erica twists and deforms.
You tail-slap Erica.
Erica is heavily wounded.
You hit Erica.
Erica begins to glow.
Erica is heavily wounded.
Erica casts a spell at you.
You are confused.
Erica zaps a wand.
You resist with some effort.
Erica hits you with a +1 scimitar of flaming!
Erica burns you.
You closely miss Erica.
Erica is heavily wounded.
Erica gestures at you while chanting. The lance of force hits you!
* * * LOW HITPOINT WARNING * * *
You are knocked back by the lance of force.
You slam into the rock wall!
* * * LOW HITPOINT WARNING * * *
Floosh!
You bump into the rock wall.
Erica casts a spell.
Erica flickers and vanishes for a moment.
You punch Erica!
Erica glows dangerously bright.
Your tail-slap misses Erica.
You bite Erica, but do no damage.
Erica is severely wounded.
You bump into the rock wall.
You feel less confused. Erica casts a spell at you.
The lance of force hits you!
* * * LOW HITPOINT WARNING * * *
You are knocked back by the lance of force.
You slam into the rock wall!
You die...
Erica begins laughing uncontrollably.
Your body crumbles into a pile of gold.

.############
.#___#___#__#
.#.).#__)#)_#
.###'#'###'##
.#..........#
.'.⌠........#
.#...######'#
.#.⌠.#__#...#+#####
.#...#__#...#..§p§+
.#'###__#...#.#@§§#
.#)).#__#...'.#§§§#
.#___#__'...#.#..§#
▓▓▓▓▓▓▓▓▓▓▓▓▓▓▓▓▓▓▓
, + , *,


You could see Erica (invisible, heavy contam, misshapen).

Vanquished Creatures
  A deep elf pyromancer (D)
  A shadow (D)
  A spatial vortex (D)
  A necrophage (D)
  A water elemental (D)
  A jelly (D)
  An arcanist (D)
  A necromancer (D)
  3 humans (D)
  A kobold demonologist (D)
  A wolf (D)
  An endoplasm (D)
  3 rats (D)
17 creatures vanquished.

Notes
Turn   | Place    | Note
-------+----------+-------------------------------------------
     0 | D        | rocky1 the Merfolk Shapeshifter began the quest for the
                  | Orb.
     0 | D        | Reached XP level 1. HP: 15/15 MP: 1/1
    56 | D        | Noticed a wolf
    69 | D        | Reached skill level 5 in Unarmed Combat
    69 | D        | Reached skill level 5 in Shapeshifting
    69 | D        | Reached XP level 2. HP: 14/21 MP: 2/2
   219 | D        | Reached XP level 3. HP: 17/26 MP: 3/3
   369 | D        | Gained mutation: You are vulnerable to heat. (rF-) [potion
                  | of mutation]
   369 | D        | Gained mutation: You are covered in fur. (AC +1) [potion of
                  | mutation]
   370 | D        | Lost mutation: You are covered in fur. (AC +1) [potion of
                  | mutation]
   370 | D        | Lost mutation: You are vulnerable to heat. (rF-) [potion of
                  | mutation]
   370 | D        | Gained mutation: Your body sometimes deteriorates upon
                  | taking damage. [potion of mutation]
   370 | D        | Gained mutation: You have supernaturally acute eyesight.
                  | (SInv) [potion of mutation]
   371 | D        | Lost mutation: Your body sometimes deteriorates upon taking
                  | damage. [potion of mutation]
   371 | D        | Lost mutation: You have supernaturally acute eyesight.
                  | (SInv) [potion of mutation]
   371 | D        | Gained mutation: You are weak. (Str -2) [potion of
                  | mutation]
   371 | D        | Gained mutation: You passively map a small area around you.
                  | [potion of mutation]
   371 | D        | Gained mutation: You are strong-willed. (Will+) [potion of
                  | mutation]
   372 | D        | Lost mutation: You are weak. (Str -2) [potion of mutation]
   372 | D        | Lost mutation: You are strong-willed. (Will+) [potion of
                  | mutation]
   372 | D        | Lost mutation: You passively map a small area around you.
                  | [potion of mutation]
   372 | D        | Gained mutation: You are robust. (+10% HP) [potion of
                  | mutation]
   372 | D        | Gained mutation: You have very sharp teeth. [potion of
                  | mutation]
   390 | D        | Noticed a water elemental
   397 | D        | Killed a water elemental
   398 | D        | Reached skill level 1 in Stealth
   398 | D        | Reached skill level 7 in Unarmed Combat
   398 | D        | Reached XP level 4. HP: 33/35 MP: 4/4
   680 | D        | Reached skill level 5 in Dodging
   680 | D        | Reached XP level 5. HP: 8/41 MP: 5/5
   907 | D        | Noticed a shadow
   912 | D        | Killed a shadow
   913 | D        | Reached skill level 9 in Unarmed Combat
   913 | D        | Reached skill level 10 in Shapeshifting
   913 | D        | Reached XP level 6. HP: 36/50 MP: 6/6
   964 | D        | Found a blossoming altar of Fedhas.
   964 | D        | Found a stormy altar of Qazlal.
   964 | D        | Found a snail-covered altar of Cheibriados.
   964 | D        | Found a burning altar of Makhleb.
   964 | D        | Found a shimmering altar of Xom.
   965 | D        | Found a hazy altar of Hepliaklqana.
   965 | D        | Found an opulent altar of Gozag.
   965 | D        | Found a sparkling altar of Nemelex Xobeh.
   965 | D        | Found a corrupted altar of Lugonu.
   965 | D        | Found a viscous altar of Jiyva.
   965 | D        | Noticed a spatial vortex
   973 | D        | Became a worshipper of Gozag Ym Sagoz the Greedy
   981 | D        | Killed a spatial vortex
   982 | D        | Reached skill level 11 in Unarmed Combat
  1149 | D        | Found a basalt altar of Yredelemnul.
  1149 | D        | Found a shadowy altar of Dithmenos.
  1149 | D        | Found a sacrificial altar of Ru.
  1156 | D        | Reached XP level 7. HP: 51/56 MP: 7/7
  1284 | D        | Found a radiant altar of Vehumet.
  1284 | D        | Found a shimmering blue altar of Sif Muna.
  1284 | D        | Found an ancient bone altar of Kikubaaqudgha.
  1311 | D        | Learned a level 3 spell: Ozocubu's Armour
  1316 | D        | Found a glowing silver altar of Zin.
  1316 | D        | Found a glowing golden altar of the Shining One.
  1316 | D        | Found a white marble altar of Elyvilon.
  1317 | D        | Noticed a deep elf pyromancer
  1321 | D        | Killed a deep elf pyromancer
  1322 | D        | Reached skill level 13 in Unarmed Combat
  1322 | D        | Reached XP level 8. HP: 53/64 MP: 8/8
  1361 | D        | Found a hide-covered altar of Uskayaw.
  1361 | D        | Found an iron altar of Okawaru.
  1361 | D        | Found a bloodstained altar of Trog.
  1361 | D        | Found an ornate altar of the Wu Jian Council.
  1369 | D        | Reached skill level 14 in Unarmed Combat
  1457 | D        | Noticed Erica
  1472 | D        | HP: 1/66 [Erica/lance of force (10)]
  1472 | D        | Collided with a rock wall

Illustrated notes

Levels and vault maps discovered:
D:        dungeon_sprint_mu [sprint_mu_entry_forest, sprint_mu_temple_rooms,
          sprint_mu_d1_horrors, sprint_mu_d2_genie, sprint_mu_d3_branching,
          sprint_mu_orc_legion, sprint_mu_elf_gauntlet, sprint_mu_hive_nellie,
          sprint_mu_lair_fedhas, sprint_mu_vaults_butterflies,
          sprint_mu_slime_circle, sprint_mu_swamp_cave, sprint_mu_snake_twists,
          sprint_mu_blade_basic, sprint_mu_crypt_chambers,
          sprint_mu_tomb_spiral, sprint_mu_vestibule_basic,
          sprint_mu_gehenna_hellfire, sprint_mu_dis_giant,
          sprint_mu_tartarus_statrot, sprint_mu_cocytus_islands, sprint_mu_zot1]

Skill      XL: |  1  2  3  4  5  6  7  8 |
---------------+-------------------------+-----
Dodging        | 3 4 5 6 7 8 |  8.3
Unarmed Combat | 5 7 9 11 13 14 | 14.4
Shapeshifting  | 5 6 7 8 10 11 12 13 | 13.2
Stealth        | 1 |  1.5
Fighting       | 2 3 |  3.9

Action                     |  1- 3 |  4- 6 |  7- 9 || total
---------------------------+-------+-------+-------++-------
  Melee: Unarmed           |    36 |    23 |    37 ||    96
         Tailslap          |     4 |       |     1 ||     5
         Bite              |     3 |     6 |     8 ||    17
    Use: Potion            |     5 |       |     1 ||     6
   Stab: Sleeping          |     1 |       |       ||     1
 Armour: Robe              |     5 |     4 |     9 ||    18
         Animal skin       |     1 |       |       ||     1
         Ring mail         |       |       |     7 ||     7
  Dodge: Dodged            |    23 |     8 |    15 ||    46
   Form: Flux              |       |     1 |       ||     1

Table legend: (Time is in decaauts)
 A = Elapsed time spent in this place.
 B = Non-inter-level travel time spent in this place.
 C = Inter-level travel time spent in this place.
 D = Time resting spent in this place.
 E = Time spent auto-exploring this place.
 F = Levels seen in this place.
 G = Mean time per level.
                   A        B        C        D        E       F      G
               +--------+--------+--------+--------+--------+-----+--------+
         Total |   1446 |   1446 |      0 |   1116 |      0 |   1 | 1446.0 |
       Dungeon |   1446 |   1446 |      0 |   1116 |      0 |   1 | 1446.0 |
               +--------+--------+--------+--------+--------+-----+--------+

Top non-repeatable levels by time:
       D: 1446 daAuts
